 Dungeon Crawl Stone Soup version 0.27-a0-972-gd1521fd518 (webtiles) character file.

Game seed: 2384192381822147891

63 kae the Ruffian (level 3, -1/28 HPs)
             Began as a Draconian Transmuter on Apr 13, 2021.
             Shot with an arrow by a centaur (15 damage)
             ... on level 3 of the Dungeon.
             The game lasted 00:00:57 (2651 turns).

kae the Ruffian (Draconian Transmuter)              Turns: 2651, Time: 00:00:58

Health: -1/28      AC:  5    Str: 12    XL:     3   Next: 87%
Magic:  5/6        EV: 12    Int: 14    God:
Gold:   86         SH:  0    Dex: 11    Spells: 2/6 levels left

rFire    . . .     SeeInvis .     - Unarmed
rCold    . . .     Faith    .   (no shield)
rNeg     . . .     Spirit   .   (armour unavailable)
rPois    .         Reflect  .   (helmet currently unavailable)
rElec    .         Harm     .   (no cloak)
rCorr    .         Rampage  .   (no gloves)
Will     .....                  (boots currently unavailable)
Stlth    +.........             (no amulet)
HPRegen  0.09/turn              (no ring)
MPRegen  0.10/turn              (no ring)

@: mighty, appendages
A: horns 2, talons 2, AC +5, unfitting armour, cold-blooded
a: End Transformation


You were on level 3 of the Dungeon.
You had temporarily grown beastly horns and talons.
You visited 1 branch of the dungeon, and saw 3 of its levels.

You collected 86 gold pieces.

Inventory:

Scrolls
 a - a scroll of noise {unknown}
 b - 3 scrolls of fear {unknown}
 e - 4 scrolls of identify {unknown}
 f - a scroll of teleportation {unknown}
Potions
 c - a potion of lignification {unknown}
 d - 2 potions of might
 g - a potion of brilliance {unknown}
 h - a potion of mutation {unknown}


   Skills:
 + Level 1.6 Fighting
 + Level 2.1 Dodging
 + Level 1.0 Stealth
 * Level 3.4 Unarmed Combat
 + Level 2.2 Spellcasting
 * Level 2.7 Transmutations
 * Level 0.2 Poison Magic


You had 2 spell levels left.
You knew the following spells:

 Your Spells              Type           Power      Damage    Failure   Level
a - Beastly Appendage     Tmut           18%        N/A       8%          1
b - Spider Form           Tmut/Pois      2%         N/A       36%         3

Your spell library contained the following spells:

 Spells                   Type           Power      Damage    Failure   Level
 Wereblood                Tmut           9%         N/A       11%         2
 Ice Form                 Ice/Tmut       5%         N/A       78%         4
 Hydra Form               Tmut           4%         N/A       90%         5


Dungeon Overview and Level Annotations

Branches:
Dungeon (3/15)

Altars:


Innate Abilities, Weirdness & Mutations

You have temporarily grown beastly horns and talons.
Your plain brown scales are hard. (AC +5)
You cannot fit into any form of body armour.
You are cold-blooded and may be slowed by cold attacks.


Message History

The hobgoblin barely misses you.
You barely miss the hobgoblin.
The hobgoblin hits you but does no damage.
You barely miss the hobgoblin. You claw the hobgoblin.
You tail-slap the hobgoblin, but do no damage.
The hobgoblin is severely wounded.
The hobgoblin barely misses you.
A hobgoblin is nearby!
You closely miss the hobgoblin. Your kick misses the hobgoblin.
The hobgoblin is severely wounded.
The hobgoblin misses you.
You completely miss the hobgoblin. You claw the hobgoblin.
You kill the hobgoblin!
Found a stone staircase leading down.
b - 3 scrolls labelled ASYIVO OTWAXEMA (gained 1) No target in view!
No target in view!
Your transformation is almost over.
Found an escape hatch in the ceiling.
There is a stone staircase leading down here.
h - a gluggy blue potion Your horns disappear.
Your talons disappear.
e - 4 scrolls labelled HYEVY RYETHREATRY (gained 1)
Found 8 arrows.
A centaur comes into view.
A centaur is nearby!
A centaur is nearby!
Casting: Beastly Appendage (safe; 8% risk of failure)
Confirm with . or Enter, or press ? or * to list all spells.
You grow a pair of large bovine horns.
Your feet morph into talons.
The centaur wields a +0 shortbow.
The centaur shoots an arrow.
The arrow hits you!
The centaur shoots an arrow.
The arrow hits you!
You are too injured to fight recklessly!
Okay, then.
Okay, then.
It was a potion of might.
You feel very mighty all of a sudden.
The centaur shoots an arrow.
The arrow hits you!
Ouch! That really hurt!
You die...

#........#.#...≈≈.≈≈...#
#........#.#...≈≈_≈≈...#
#####..###.#..≈.≈≈≈.≈..#
##.# ##.#≈≈≈≈.≈≈≈ #. #.#
# #..≈.≈.(#.# #.# ≈.
.#.## #.# .##.##....
##.#### .........
#..@..# #.......
#....(....# #......
#.........## #...†..
#.........# #......
#.........# #...[..
#.........# #>.....
#........c# #......
#.........# #......
#......


You could see a centaur.

Vanquished Creatures
  An adder (D:2)
  3 worms (D:2)
  3 dart slugs
  4 endoplasms
  3 giant cockroaches
  2 goblins (D:1)
  2 hobgoblins
  A quokka (D:2)
  4 ball pythons
  2 bats
  4 frilled lizards
  6 kobolds
  3 rats
38 creatures vanquished.

Notes
Turn   | Place    | Note
-------+----------+-------------------------------------------
     0 | D:1      | kae the Draconian Transmuter began the quest for the Orb.
     0 | D:1      | Reached XP level 1. HP: 16/16 MP: 3/3
   334 | D:1      | You fall into a shaft and drop 1 floor!
   446 | D:2      | Reached XP level 2. HP: 20/23 MP: 3/5
  1335 | D:1      | Reached XP level 3. HP: 27/28 MP: 4/6
  1339 | D:1      | Learned a level 3 spell: Spider Form
  2041 | D:2      | Reached skill level 1 in Stealth
  2571 | D:3      | Found a faded altar of an unknown god.
  2647 | D:3      | Noticed a centaur
  2651 | D:3      | Shot with an arrow by a centaur

Illustrated notes

Levels and vault maps discovered:
D:1:      shiori_shiawase, layout_loops_ring
D:2:      cheibrodos_old_hovel, layout_rooms, patterned_corridor
D:3:      layout_rooms, shapermc_ecumenical_altar_starsandcircs

Skill      XL: |  1  2  3 |
---------------+----------+-----
Dodging        | 2 |  2.1
Stealth        | 1 |  1.0
Fighting       | |  1.6
Unarmed Combat | |  3.4
Spellcasting   | |  2.2
Transmutations | |  2.7
Poison Magic   | |  0.2

Action                   || total
-------------------------++-------
Melee: Unarmed           ||    95
       Kick              ||    20
       Headbutt          ||    12
       Tailslap          ||    11
 Cast: Beastly Appendage ||    27
  Use: Potion            ||     1
 Stab: Sleeping          ||     2
Armor: Skin              ||    19
Dodge: Dodged            ||    45

Table legend: (Time is in decaauts)
 A = Elapsed time spent in this place.
 B = Non-inter-level travel time spent in this place.
 C = Inter-level travel time spent in this place.
 D = Time resting spent in this place.
 E = Time spent auto-exploring this place.
 F = Levels seen in this place.
 G = Mean time per level.
                   A        B        C        D        E       F      G
               +--------+--------+--------+--------+--------+-----+--------+
         Total |   2652 |   2582 |     70 |    214 |   2085 |   3 |  884.0 |
       Dungeon |   2652 |   2582 |     70 |    214 |   2085 |   3 |  884.0 |
               +--------+--------+--------+--------+--------+-----+--------+

Top non-repeatable levels by time:
     D:2: 1320 daAuts
     D:1: 1189 daAuts
     D:3: 143 daAuts
